 Dungeon Crawl Stone Soup version 0.30.0-29-ga12c61a403 (webtiles) character file.

Game seed: 1968339868443209308

18 BONEBRO the Trooper (level 3, -3/6 HPs)
             Began as a Meteoran Wanderer on June 13, 2023.
             Frozen to death by an endoplasm (5 damage)
             ... on level 2 of the Dungeon.
             The game lasted 00:05:15 (1458 turns).

BONEBRO the Trooper (Meteoran Wanderer)             Turns: 1458, Time: 00:05:15

Health: -3/6       AC:  3    Str: 16    XL:     3   Next: 8%
Magic:  6/6        EV: 11    Int: 11    God:
Gold:   18         SH:  0    Dex: 15    Spells: 3/4 levels left

rFire   . . .        a - +0 club
rCold   . . .        (no shield)
rNeg    . . .        d - +0 leather armour
rPois   .            (no helmet)
rElec   .            (no cloak)
rCorr   .            (no gloves)
SInv    .            (no boots)
Will    .....        (no amulet)
Stlth   +            (no ring)
HPRegen 0.21/turn    (no ring)
MPRegen 0.10/turn

%: no passive effects
@: glowing
A: sense surroundings 1, otherworldly, glowing, explore regen
a: no special abilities


You were on level 2 of the Dungeon.
You visited 1 branch of the dungeon, and saw 2 of its levels.

You collected 18 gold pieces.

Inventory:

Hand Weapons
 a - a +0 club (weapon)
Armour
 d - a +0 leather armour (worn)
Jewellery
 j - an amulet of reflection
Scrolls
 b - a scroll of fog
 e - a scroll of fear
 h - a scroll of amnesia {unknown}
 i - a scroll of blinking {unknown}
Potions
 c - a potion of curing
 f - a potion of brilliance {unknown}
 g - a potion of cancellation {unknown}


   Skills:
 - Level 4.4 Fighting
 + Level 2.9 Maces & Flails
 - Level 1.2 Throwing
 - Level 1.2 Armour
 - Level 2.4 Unarmed Combat
 - Level 1.3 Spellcasting
 - Level 1.2 Summonings


You had 3 spell levels left.
You knew the following spells:

 Your Spells              Type           Power      Damage    Failure   Level
a - Summon Small Mammal   Summ           12%        N/A       24%         1

Your spell library contained the following spells:

 Spells                   Type           Power      Damage    Failure   Level
 Call Canine Familiar     Summ           3%         N/A       56%         3


Dungeon Overview and Level Annotations

Branches:
Dungeon (2/15) Zot: 520

Altars:


Innate Abilities, Weirdness & Mutations

You passively map a small area around you.
You are easily found by Zot.
You glow in the dark.
You regain HP and MP as you explore.


Message History

Zot's power touches on you...
You have lingered too long.
Zot senses you.
Dive deeper or flee this branch before you suffer!
Zot draws nearer.
Dive deeper or flee this branch before you suffer!
Zot has nearly found you.
Suffering is imminent.
Descend or flee this branch!
There is an escape hatch in the floor here.
You slide downwards.
The hatch slams shut behind you.
As you enter the new level, Zot loses track of you.
You now have 18 gold pieces (gained 9).
A rat comes into view.
A rat is nearby!
Found a thick sapphire amulet.
You hit the rat.
You kill the rat!
No target in view!
No target in view!
No target in view!
No target in view!
j - an amulet of reflection An endoplasm comes into view.
Found an escape hatch in the ceiling.
You barely miss the endoplasm. The endoplasm hits you.
You hit the endoplasm but do no damage. The endoplasm hits you.
You are too injured to fight recklessly!
You are too injured to fight recklessly!
You are too injured to fight recklessly!
You are too injured to fight recklessly!
You are too injured to fight recklessly!
You hit the endoplasm.
The endoplasm is lightly wounded.
The endoplasm completely misses you.
You hit the endoplasm.
The endoplasm is severely wounded.
The endoplasm freezes you.
You are frozen.
The endoplasm barely misses you.
You hit the endoplasm.
The endoplasm is almost dead.
The endoplasm freezes you.
You are frozen.
Ouch! That really hurt!
You die...

####......, * *
........# # ##.## *
*#.##..#.# .###...## ,
#.##..#.##.##.....#*
##.#........+,..8..,
............# #...#
##.###....### #...#
#.# #.....# #.J.#
##.###....## #.@.#
##.....#...####...###*
########.#......8...+
* # #.#####.....##, #
*#+#* ##...## # *
##.## # * * *#.# # , ,
,, * ..#, , #### ,,
..,, * *


You could see an endoplasm.

Vanquished Creatures
  3 bats (D:1)
  An endoplasm (D:1)
  3 hobgoblins (D:1)
  3 kobolds (D:1)
  2 frilled lizards (D:1)
  2 goblins (D:1)
  5 rats
19 creatures vanquished.

Notes
Turn   | Place    | Note
-------+----------+-------------------------------------------
     0 | D:1      | BONEBRO the Meteoran Wanderer began the quest for the Orb.
     0 | D:1      | BONEBRO set off with the following items: a +0 club, a
                  | scroll of fog, a potion of curing, a +0 leather armour, a
                  | scroll of fear; and the following spell memorised: Summon
                  | Small Mammal; and the following spells available to
                  | memorise: Call Canine Familiar.
     0 | D:1      | Reached XP level 1. HP: 22/22 MP: 3/3
    30 | D:1      | Reached skill level 1 in Maces & Flails
    44 | D:1      | Reached XP level 2. HP: 21/28 MP: 5/5
   373 | D:1      | Reached XP level 3. HP: 20/34 MP: 6/6
   482 | D:1      | Glimpsed the power of Zot.
   529 | D:1      | Glimpsed the power of Zot.
   569 | D:1      | Glimpsed the power of Zot.
   579 | D:1      | Touched by the power of Zot.
   680 | D:1      | Glimpsed the power of Zot.
   730 | D:1      | Glimpsed the power of Zot.
   770 | D:1      | Glimpsed the power of Zot.
   779 | D:1      | Touched by the power of Zot.
   880 | D:1      | Glimpsed the power of Zot.
   930 | D:1      | Glimpsed the power of Zot.
   970 | D:1      | Glimpsed the power of Zot.
   979 | D:1      | Touched by the power of Zot.
  1079 | D:1      | Glimpsed the power of Zot.
  1129 | D:1      | Glimpsed the power of Zot.
  1169 | D:1      | Glimpsed the power of Zot.
  1179 | D:1      | Touched by the power of Zot.
  1280 | D:1      | Glimpsed the power of Zot.
  1330 | D:1      | Glimpsed the power of Zot.
  1370 | D:1      | Glimpsed the power of Zot.
  1458 | D:2      | Frozen to death by an endoplasm

Illustrated notes

Levels and vault maps discovered:
D:1:      dpeg_arrival_subterranean_lakeside_camping, layout_rooms,
          nrook_mini_vaults, kennysheep_crisscross
D:2:      layout_loops_corners, nrook_uturn, grunt_ministairs_15,
          minmay_octomino_e4

Skill      XL: |  1  2 |
---------------+-------+-----
Maces & Flails | 1 2 |  2.9
Fighting       | |  4.4
Throwing       | |  1.2
Armour         | |  1.2
Unarmed Combat | |  2.4
Spellcasting   | |  1.3
Summonings     | |  1.2

Action                     || total
---------------------------++-------
  Melee: Club              ||    83
         Punch             ||     2
   Cast: Summon Small Mamm ||     2
 Armour: Leather armour    ||    23
  Dodge: Dodged            ||    35
